AoeStats
← Mr. Penis

Black Forest

509117288Analyzed
4v4 RM · 6d ago on Sep 25, 2026· 44m 50s· 8 players
Game mode
Random Map
Map size
Large (8 player)
Population
200
Speed
Normal
Resources
Standard
Victory
Conquest
Starting age
Dark Age
Ending age
Imperial Age
RankedLock teamsTeams togetherTeam positionsShared explorationLock speedFull tech treeHidden civsTurbo modeCheats
Victory
Defeat
🇭🇰 Danes · Hong Kong SAR China
1315
+12
🇨🇳 Dravidians · China
1283
+13
🇷🇺 Jurchens · Russia
1267
+14
🇭🇰 Franks · Hong Kong SAR China
1144
+19
🇨🇳 Bohemians · China
1282
-17
🇨🇳 Varangians · China
1240
-15
🇳🇱 Koreans · Netherlands
1235
-15
🇹🇼 Turks · Taiwan
1138
-11
King K. Rool
8:43 Loom
13:08 Feudal Age
13:45 Double-Bit Axe
13:44 Horse Collar
17:43 Castle Age
16:15 Gold Mining
19:39 Bow Saw
24:59 Town Watch
26:38 Wheelbarrow
31:55 Imperial Age
30:17 Hand Cart
30:44 Fletching
31:04 Forging
31:04 Heavy Plow
31:18 Stone Mining
32:04 Gold Shaft Mining
33:28 Conscription
34:16 Chemistry
33:36 Ballistics
33:24 Siege Engineers
33:17 Bodkin Arrow
33:23 Scale Mail Armor
34:56 Chain Mail Armor
35:16 Iron Casting
34:42 Bracer
35:19 Iron Casting
34:47 Light Cavalry
35:27 Husbandry
35:57 Scale Barding Armor
36:14 Masonry
35:45 Treadmill Crane
36:00 Murder Holes
36:18 Masonry
35:30 Hussar
37:35 Two-Man Saw
36:48 Elite War Wagon
38:02 Pikeman
38:42 Squires
40:31 Shinkichon
40:15 Arson
41:41 Chain Barding Armor
41:31 Halberdier
43:38 Capped Ram
ABCDE
12:01 Feudal Age
15:42 Castle Age
13:57 Double-Bit Axe
15:35 Fishing Lines
16:43 Wheelbarrow
16:43 Bow Saw
18:57 Forging
19:07 Pikeman
22:44 Horse Collar
23:30 Gillnets
23:45 Stone Mining
25:04 Gold Mining
32:05 Imperial Age
29:20 Loom
29:56 Squires
29:42 Arson
30:41 Iron Casting
30:06 Scale Mail Armor
30:52 Hand Cart
30:23 Town Watch
33:49 Two-Man Saw
32:15 Halberdier
34:22 Chemistry
33:57 Conscription
34:50 Blast Furnace
34:05 Chain Mail Armor
33:58 Elite Varangian Guard
36:01 Bloodlines
35:51 Husbandry
36:02 Scale Barding Armor
36:28 Plate Mail Armor
36:30 Elite Jarl
38:07 Chain Barding Armor
39:46 Plate Barding Armor
39:01 Fletching
開機中
1:11 Loom
14:24 Feudal Age
15:35 Fletching
23:01 Horse Collar
30:37 Castle Age
31:56 Heavy Plow
33:00 Wheelbarrow
35:32 Double-Bit Axe
36:27 Bow Saw
37:02 Hand Cart
43:04 Imperial Age
Minneapolis
0:54 Loom
13:17 Feudal Age
14:45 Double-Bit Axe
17:10 Castle Age
18:29 Bow Saw
25:10 Horse Collar
26:17 Wheelbarrow
31:07 Imperial Age
31:07 Imperial Age
29:51 Hand Cart
30:42 Chemistry
30:51 Fletching
31:04 Padded Archer Armor
30:59 Fletching
31:34 Ballistics
31:51 Heavy Plow
32:10 Leather Archer Armor
32:19 Conscription
31:53 Elite Skirmisher
32:50 Bodkin Arrow
34:22 Two-Man Saw
34:15 Siege Engineers
34:22 Bracer
34:53 Ring Archer Armor
37:40 Houfnice
40:33 Wagenburg Tactics
40:59 Town Watch
cls
5:30 Loom
10:45 Feudal Age
11:29 Double-Bit Axe
11:27 Horse Collar
16:52 Castle Age
17:54 Bow Saw
17:51 Heavy Plow
19:12 Gold Mining
19:16 Stone Mining
20:41 Wheelbarrow
21:02 Stone Shaft Mining
21:41 Town Watch
22:34 Gold Shaft Mining
25:40 Hand Cart
28:13 Forging
28:03 Scale Mail Armor
30:49 Imperial Age
29:46 Masonry
29:13 Hamask
29:16 Pikeman
29:56 Squires
29:42 Arson
30:35 Iron Casting
30:15 Chain Mail Armor
31:51 Conscription
30:56 Onager
32:40 Chemistry
31:59 Halberdier
32:09 Northmen's Fury
34:38 Elite Varangian Guard
35:56 Hoardings
36:48 Blast Furnace
36:18 Plate Mail Armor
35:39 Fletching
35:20 Siege Onager
36:30 Padded Archer Armor
36:02 Capped Ram
36:31 Gambesons
37:43 Elite Jomsviking
39:17 Siege Ram
40:37 Siege Engineers
40:29 Murder Holes
40:24 Heated Shot
40:55 Ballistics
paultse
10:24 Feudal Age
8:39 Loom
14:27 Castle Age
13:38 Double-Bit Axe
19:16 Scale Barding Armor
22:54 Bow Saw
22:37 Stone Mining
23:11 Gold Mining
23:34 Forging
24:39 Wheelbarrow
29:36 Husbandry
29:59 Chain Barding Armor
29:59 Hand Cart
29:29 Town Watch
33:34 Imperial Age
33:02 Gold Shaft Mining
32:32 Scale Mail Armor
33:08 Iron Casting
32:24 Fletching
33:10 Gambesons
33:26 Squires
33:12 Arson
33:45 Chain Mail Armor
34:52 Cavalier
36:37 Blast Furnace
37:28 Elite Throwing Axeman
39:40 Paladin
42:59 Chivalry
45:20 Plate Barding Armor
45:16 Plate Mail Armor
Mr. Penis
0:39 Loom
11:36 Feudal Age
15:38 Fletching
18:20 Double-Bit Axe
18:18 Horse Collar
24:28 Castle Age
22:42 Gold Mining
22:43 Stone Mining
23:07 Stone Mining
25:36 Wheelbarrow
26:58 Bow Saw
34:38 Heavy Plow
35:15 Gold Shaft Mining
35:18 Stone Shaft Mining
39:15 Imperial Age
37:04 Masonry
38:19 Siege Engineers
40:38 Conscription
41:02 Ballistics
42:06 Guilds
42:29 Crop Rotation
43:01 Two-Man Saw
43:03 Hand Cart
42:34 Town Watch
42:45 Treadmill Crane
43:36 Architecture
44:13 Murder Holes
45:29 Chemistry
44:15 Arrowslits
44:41 Fortified Wall
play for fun
1:48 Loom
12:56 Feudal Age
13:30 Town Watch
16:51 Castle Age
14:55 Horse Collar
15:22 Double-Bit Axe
23:02 Wheelbarrow
24:55 Hand Cart
25:11 Bow Saw
26:26 Gold Mining
26:39 Heavy Plow
30:20 Imperial Age
29:00 Fletching
29:37 Stone Mining
29:51 Bodkin Arrow
29:56 Padded Archer Armor
31:04 Bracer
31:31 Ballistics
32:11 Chemistry
31:22 Elite Elephant Archer
34:44 Leather Archer Armor
34:48 Caravan
35:10 Husbandry
35:39 Elite Skirmisher
37:06 Conscription
37:39 Ring Archer Armor
37:17 Thumb Ring
39:15 Masonry
38:28 Siege Elephant
40:51 Coinage
41:38 Careening
43:50 Ring Archer Armor
43:26 Scale Barding Armor
43:31 Forging
44:24 Guilds
46:00 Two-Man Saw
45:03 Scale Mail Armor
Connection lost

Rejoining the realm…

Still unreachable

The connection could not be restored.

Session expired

The server has moved on; the page needs a fresh start.